 Dungeon Crawl Stone Soup version 0.27-a0-1200-g94dc6ad4cf (webtiles) character file.

Game seed: 4027534039715905544

86 tilp the Caller (level 4, -3/33 HPs)
             Began as a Barachi Summoner on June 2, 2021.
             Killed from afar by Ijyb (14 damage)
             ... with an iceblast
             ... on level 3 of the Dungeon.
             The game lasted 00:03:55 (2464 turns).

tilp the Caller (Barachi Summoner)                  Turns: 2464, Time: 00:03:56

Health: -3/33      AC:  6    Str: 10    XL:     4   Next: 50%
Magic:  3/8        EV: 12    Int: 16    God:
Gold:   69         SH:  0    Dex: 12    Spells: 3/9 levels left

rFire    . . .     SeeInvis .   a - +1 spear
rCold    . . .     Faith    .   (no shield)
rNeg     . . .     Spirit   .   b - +1 robe
rPois    .         Reflect  .   (no helmet)
rElec    .         Harm     .   (no cloak)
rCorr    .         Rampage  .   e - +2 pair of gloves
Will     .....                  (no boots)
Stlth    ++........             (no amulet)
HPRegen  0.11/turn              (no ring)
MPRegen  0.11/turn              (no ring)

@: unable to hop, slow
A: amphibious, slowness 1, strong legs 1, +LOS
a: Hop


You were on level 3 of the Dungeon.
You visited 1 branch of the dungeon, and saw 3 of its levels.

You collected 69 gold pieces.

Inventory:

Hand Weapons
 a - a +1 spear (weapon)
Missiles
 g - 5 poisoned darts (quivered)
Armour
 b - a +1 robe (worn)
 e - a +2 pair of gloves (worn)
Scrolls
 h - 4 scrolls of enchant weapon
Potions
 c - 2 potions of curing
 f - a potion of berserk rage


   Skills:
 + Level 2.0 Fighting
 * Level 0.3 Polearms
 + Level 2.2 Dodging
 + Level 1.8 Stealth
 - Level 3.0 Spellcasting
 - Level 6.0 Summonings


You had 3 spell levels left.
You knew the following spells:

 Your Spells              Type           Power      Damage    Failure   Level
a - Summon Small Mammal   Summ           84%        N/A       1%          1
b - Call Imp              Summ           21%        N/A       2%          2
c - Call Canine Familiar  Summ           21%        N/A       4%          3

Your spell library contained the following spells:

 Spells                   Type           Power      Damage    Failure   Level
 Summon Guardian Golem    Hex/Summ       12%        N/A       16%         3
 Confusing Touch          Hex            2%         N/A       50%         3
 Gell's Gravitas          Tloc           1%         N/A       50%         3
 Summon Ice Beast         Ice/Summ       12%        N/A       47%         4
 Summon Lightning Spire   Summ/Air       12%        N/A       47%         4
 Petrify                  Tmut/Erth      2%         N/A       88%         4
 Metabolic Englaciation   Hex/Ice        1%         N/A       99%         5
 Yara's Violent Unravell  Hex/Tmut       1%         3d3       99%         5


Dungeon Overview and Level Annotations

Branches:
Dungeon (3/15)

Altars:
Cheibriados

Annotations:
D:3 Ijyb


Innate Abilities, Weirdness & Mutations

You are amphibious.
You cover ground slowly.
You can hop short distances.
You have an extended range of vision and can be seen from far away.


Message History

You hit Ijyb but do no damage.
Ijyb is severely wounded.
The rat closely misses you. The endoplasm misses you. Ijyb misses you.
Your crimson imp blinks!
Unknown command.
You barely miss Ijyb.
Ijyb is severely wounded.
Your crimson imp hits Ijyb but does no damage.
The rat bites you but does no damage. The endoplasm misses you.
Ijyb misses you.
Unknown command.
You closely miss Ijyb.
Ijyb is severely wounded.
Your crimson imp completely misses Ijyb.
The rat misses you. Ijyb misses you.
The endoplasm hits you but does no damage.
Unknown command.
You hit Ijyb.
Ijyb is severely wounded.
Your crimson imp barely misses Ijyb. x2; The rat closely misses you.
The endoplasm hits you.
* * * LOW HITPOINT WARNING * * *
Ijyb hits you but does no damage. The goblin hits you but does no damage.
Your crimson imp hits Ijyb but does no damage.
Hop to where?
Press: ? - help, Dir - move target, f - you
Okay, then.
Your crimson imp blinks!
The rat bites you.
* * * LOW HITPOINT WARNING * * *
The endoplasm hits you but does no damage.
Your crimson imp hits the endoplasm.
Hop to where?
Press: ? - help, Dir - move target Boing!
Your crimson imp hits the endoplasm.
Your crimson imp barely misses the endoplasm.
Ijyb zaps a wand.
The mass of ice explodes!
The iceblast engulfs the rat!!
The rat dies!
The iceblast engulfs you!
You die...

#.#.#.####.####
#..###.###..... #.##
##....####
#..###.#......# .
#####...#....#.##.. [#
#.#......#.#####.####
....#.#..............####
#...>....#.#.#####.....
....#.#.@....#.# #.####
.. .. #...g).#.# #.# ##
##....##.# #.# #g##5##.#
... #JJ.....# ...
#..5....## #...
#.?..ยง..# #...#
#.###.#.# #.. ... ..#...


You could see Ijyb (ally target), 2 endoplasms, a goblin and 2 friendly crimson
imps.

Vanquished Creatures
  A ball python (D:2)
  2 endoplasms
  A giant cockroach (D:1)
  5 goblins
  2 hobgoblins
  2 quokkas
  3 bats
  5 frilled lizards
  5 kobolds
  2 rats (D:2)
28 creatures vanquished.

Vanquished Creatures (collateral kills)
  A howler monkey (D:3)
  An iron imp (D:3)
  2 adders (D:2)
  3 endoplasms (D:1)
  4 goblins
  A kobold (D:1)
  3 ball pythons
  2 bats
  3 frilled lizards (D:1)
  A rat (D:3)
21 creatures vanquished.

Vanquished Creatures (others)
  A rat (D:3)
1 creature vanquished.

Grand Total: 50 creatures vanquished

Notes
Turn   | Place    | Note
-------+----------+-------------------------------------------
     0 | D:1      | tilp the Barachi Summoner began the quest for the Orb.
     0 | D:1      | Reached XP level 1. HP: 13/13 MP: 3/3
    77 | D:1      | Reached skill level 1 in Fighting
   230 | D:1      | Reached XP level 2. HP: 19/22 MP: 0/5
   575 | D:1      | Reached skill level 5 in Summonings
   593 | D:1      | Found a faded altar of an unknown god.
   883 | D:1      | Learned a level 2 spell: Call Imp
  1050 | D:2      | Reached XP level 3. HP: 27/27 MP: 0/7
  1054 | D:2      | Learned a level 3 spell: Call Canine Familiar
  2242 | D:3      | Found a snail-covered altar of Cheibriados.
  2257 | D:3      | Reached XP level 4. HP: 33/33 MP: 1/8
  2437 | D:3      | Reached skill level 6 in Summonings
  2441 | D:3      | Noticed Ijyb
  2464 | D:3      | Killed from afar by Ijyb

Illustrated notes

Levels and vault maps discovered:
D:1:      psy_arrival_statuary, layout_loops_ring,
          shapermc_ecumenical_altar_venn, serial_bayou_pond_a
D:2:      layout_loops_corners
D:3:      layout_loops_cross, marbit_many_paths, dancing_weapons_uskayaw,
          slow_altar_1, uniq_natasha, uniq_ijyb

Skill      XL: |  1  2  3  4 |
---------------+-------------+-----
Fighting       | 1 2 |  2.0
Summonings     | 5 6 |  6.0
Spellcasting   | 3 |  3.0
Polearms       | |  0.3
Dodging        | |  2.2
Stealth        | |  1.8

Action                   |  1- 3 |  4- 6 || total
-------------------------+-------+-------++-------
Melee: Spear             |   100 |    21 ||   121
 Cast: Summon Small Mamm |    32 |     1 ||    33
       Call Imp          |    14 |     4 ||    18
 Abil: Hop               |       |     1 ||     1
  Use: Scroll            |     8 |       ||     8
 Stab: Sleeping          |     9 |       ||     9
       Distracted        |       |     1 ||     1
Armor: Robe              |    24 |    12 ||    36
Dodge: Dodged            |    50 |    19 ||    69

Table legend: (Time is in decaauts)
 A = Elapsed time spent in this place.
 B = Non-inter-level travel time spent in this place.
 C = Inter-level travel time spent in this place.
 D = Time resting spent in this place.
 E = Time spent auto-exploring this place.
 F = Levels seen in this place.
 G = Mean time per level.
                   A        B        C        D        E       F      G
               +--------+--------+--------+--------+--------+-----+--------+
         Total |   2756 |   2676 |     80 |    152 |   2099 |   3 |  918.7 |
       Dungeon |   2756 |   2676 |     80 |    152 |   2099 |   3 |  918.7 |
               +--------+--------+--------+--------+--------+-----+--------+

Top non-repeatable levels by time:
     D:2: 1468 daAuts
     D:1: 1033 daAuts
     D:3: 255 daAuts
